 Dungeon Crawl Stone Soup version 0.16.1-11-g651b585 (webtiles) character file.

1176 jacksonaction the Ducker (level 8, 19/73 HPs)
             Began as a Minotaur Berserker on Mar 31, 2015.
             Was a High Priest of Trog.
             Quit the game on level 5 of the Dungeon.
             The game lasted 00:28:40 (3388 turns).

jacksonaction the Ducker (Minotaur Berserker)       Turns: 3388, Time: 00:28:40

Health: 19/73      AC:  8    Str: 30    XL:     8   Next: 18%
Magic:  3/3        EV: 15    Int:  4    God:    Trog [*****.]
Gold:   268        SH:  0    Dex: 11    Spells: 0 memorised, 7 levels left

rFire  . . .     SeeInvis .     m - +1 hand axe (chop)
rCold  . . .     Clarity  .     b - +0 animal skin
rNeg   + . .     SustAb   .     (no shield)
rPois  .         Gourm    .     (helmet restricted)
rElec  .         Spirit   .     (no cloak)
rCorr  .         Warding  +     s - +2 pair of gloves
rMut   .         Stasis   .     f - +2 pair of boots
MR     .....                    E - amulet of warding
Stlth  +.........               r - +3 ring of strength
                                i - +4 ring of strength

@: not resistant to hostile enchantments, very unstealthy
A: retaliatory headbutt, horns 2
a: Burn Spellbooks, Berserk, Trog's Hand, Brothers in Arms, Renounce Religion


You were on level 5 of the Dungeon.
You worshipped Trog.
Trog was extremely pleased with you.
You were not hungry.

You visited 1 branch of the dungeon, and saw 5 of its levels.

You collected 268 gold pieces.

Inventory:

Hand weapons
 a - a +0 mace
 m - a +1 hand axe of chopping (weapon)
Missiles
 u - 4 tomahawks (quivered)
Armour
 b - a +0 animal skin (worn)
 f - a +2 pair of boots (worn)
 s - a +2 pair of gloves (worn)
Jewellery
 i - a +4 ring of strength (left hand)
 k - an uncursed ring of magical power
 r - a +3 ring of strength (right hand)
 t - an uncursed ring of sustain abilities
 E - an amulet of warding (around neck)
Magical devices
 q - a wand of random effects (42)
 x - a wand of cold (7)
 y - a wand of slowing (25)
 z - a wand of slowing (19)
 D - a wand of paralysis (8)
Scrolls
 d - 3 scrolls of remove curse
 g - 4 scrolls of identify
 n - 2 scrolls of blinking {unknown}
 o - a scroll of fear {unknown}
 w - 2 scrolls of noise {unknown}
 A - a scroll of fog {unknown}
 C - 2 scrolls of random uselessness {unknown}
 F - a scroll of amnesia {unknown}
Potions
 e - a potion of degeneration {unknown}
 j - a potion of mutation {unknown}
 l - a potion of agility {unknown}
 p - a potion of haste {unknown}
 B - a potion of cure mutation {unknown}
Comestibles
 c - 5 bread rations
 h - a meat ration
 v - a royal jelly


   Skills:
 + Level 7.2 Fighting
 + Level 5.1(6.0) Axes
 - Level 4.5(5.7) Maces & Flails
 + Level 2.6 Armour
 + Level 7.3 Dodging
 - Level 0.1 Stealth


You had 7 spell levels left.
You didn't know any spells.

Dungeon Overview and Level Annotations

Branches:
Dungeon (5/15)             Temple (0/1) D:4

Altars:
Cheibriados
Dithmenos
Fedhas
Gozag
Kikubaaqudgha
Nemelex Xobeh
Yredelemnul
The Shining One


Innate Abilities, Weirdness & Mutations

You reflexively headbutt those who attack you in melee.
You have a pair of horns on your head.


Message History

Your deep troll disappears in a puff of smoke!
The centaur shoots an arrow.
The arrow hits you.
The centaur shoots an arrow.
The arrow hits you!
* * * LOW HITPOINT WARNING * * *
You see here an arrow.
The centaur shoots an arrow.
The arrow misses you.
The centaur unwields an uncursed shortbow.
The centaur hits you but does no damage.
You hit the centaur. You headbutt the centaur!
The centaur is heavily wounded.
The centaur hits you but does no damage.
You barely miss the centaur. You headbutt the centaur!
The centaur is severely wounded.
The centaur misses you. You furiously retaliate!
You headbutt the centaur!
You kill the centaur!
Trog accepts your kill.
Your base Axes skill increases to level 5!
Things that are here:
an uncursed shortbow; 14 arrows; a centaur corpse Are you sure you want to abandon this character and quit the game? (Confirm with "yes".)

# ### # ##..
######### #......
.........##
###...<.. #(@##
####........
##..####...........
##..##.............
#.(#(..............
#..##..............
#.###..............
#.####.............
#..# #.............
#..####............


There were no monsters in sight!

Vanquished Creatures
  Eustachio (D:5)
  A sky beast (D:5)
  A centaur (D:5)
  4 hounds
  3 orc priests (D:5)
  An iron imp (D:5)
  2 iguanas (D:4)
  A worker ant (D:5)
  4 orc wizards
  Ijyb (D:3)
  Jessica (D:3)
  14 gnolls
  10 adders
  5 worms
  A shadow imp (D:5)
  5 giant geckos
  21 orcs
  2 giant cockroaches
  11 hobgoblins
  2 jackals (D:1)
  6 kobolds
  2 quokkas
  12 bats
  7 giant newts
  7 goblins
  2 quokka skeletons
  14 rats
141 creatures vanquished.

Vanquished Creatures (collateral kills)
  An ogre (D:5)
  An orc priest (D:5)
2 creatures vanquished.

Grand Total: 143 creatures vanquished

Notes
Turn   | Place    | Note
--------------------------------------------------------------
     0 | D:1      | jacksonaction, the Minotaur Berserker, began the quest for the Orb.
     0 | D:1      | Reached XP level 1. HP: 19/19 MP: 1/1
   186 | D:1      | Reached XP level 2. HP: 16/27 MP: 1/1
   285 | D:1      | Reached skill level 4 in Maces & Flails
   340 | D:1      | Acquired Trog's second power
   602 | D:2      | Reached XP level 3. HP: 26/33 MP: 2/2
   974 | D:2      | Reached XP level 4. HP: 23/41 MP: 2/2
  1561 | D:2      | Found a basalt altar of Yredelemnul.
  1588 | D:2      | Reached skill level 5 in Fighting
  1680 | D:2      | Found a blossoming altar of Fedhas.
  1680 | D:2      | Found a shadowy altar of Dithmenos.
  1681 | D:2      | Found a glowing golden altar of the Shining One.
  1794 | D:3      | Noticed Jessica
  1813 | D:3      | Killed Jessica
  1813 | D:3      | Reached XP level 5. HP: 29/48 MP: 2/2
  1836 | D:3      | Found an ancient bone altar of Kikubaaqudgha.
  2010 | D:3      | Found an opulent altar of Gozag.
  2155 | D:3      | Noticed Ijyb
  2164 | D:3      | Killed Ijyb
  2238 | D:3      | Found a snail-covered altar of Cheibriados.
  2246 | D:3      | Reached XP level 6. HP: 49/57 MP: 3/3
  2329 | D:3      | Acquired Trog's third power
  2374 | D:4      | Reached skill level 1 in Axes
  2374 | D:4      | Reached skill level 5 in Dodging
  2589 | D:4      | Reached skill level 6 in Fighting
  2719 | D:4      | Found a sparkling altar of Nemelex Xobeh.
  2786 | D:4      | Found a staircase to the Ecumenical Temple.
  2791 | D:4      | Reached XP level 7. HP: 49/63 MP: 3/3
  2992 | D:5      | Entered Level 5 of the Dungeon
  3029 | D:5      | Noticed Eustachio
  3044 | D:5      | Killed Eustachio
  3087 | D:5      | Found a basalt altar of Yredelemnul.
  3326 | D:5      | Reached skill level 7 in Fighting
  3326 | D:5      | Reached XP level 8. HP: 29/73 MP: 3/3
  3386 | D:5      | Reached skill level 5 in Axes
  3388 | D:5      | Quit the game

Action                   |  1- 3 |  4- 6 |  7- 9 || total
-------------------------+-------+-------+-------++-------
Melee: Mace              |    76 |    19 |       ||    95
       Hand axe          |       |   162 |    63 ||   225
Throw: Tomahawk          |       |     3 |       ||     3
Invok: Berserk           |     1 |     4 |       ||     5
       Trog's Hand       |       |     3 |     1 ||     4
       Brothers in Arms  |       |       |     1 ||     1
  Use: Scroll            |       |       |     1 ||     1
 Stab: Sleeping          |       |     2 |       ||     2
  Eat: Chunk             |       |    12 |     2 ||    14
